AoeStats
← BetteraveRouge

Pilgrims

508629945Analyzed
3v3 RM · 9d ago on Sep 23, 2026· 34m 35s· 6 players
Game mode
Random Map
Map size
Normal (6 player)
Population
200
Speed
Normal
Resources
Standard
Victory
Conquest
Starting age
Dark Age
Ending age
Imperial Age
RankedLock teamsTeams togetherTeam positionsShared explorationLock speedFull tech treeHidden civsTurbo modeCheats
Victory
Defeat
🇯🇵 Mongols · Japan
1281
+18
🇲🇾 Vikings · Malaysia
1276
+18
🇫🇷 Spanish · France
1245
+20
🇨🇳 Varangians · China
1338
-19
🇨🇳 Saxons · China
1329
-19
🇨🇳 Mongols · China
1320
-18
_SKY_菜刀
5:33 Loom
11:52 Feudal Age
13:14 Double-Bit Axe
14:46 Gold Mining
21:52 Castle Age
19:28 Man-at-Arms
21:05 Stone Mining
22:07 Scale Mail Armor
22:17 Forging
23:42 Bow Saw
25:30 Fishing Lines
26:40 Horse Collar
27:31 Gillnets
31:13 Iron Casting
30:04 Pikeman
35:27 Gold Shaft Mining
BetteraveRouge
7:24 Loom
11:22 Feudal Age
15:23 Castle Age
13:52 Double-Bit Axe
14:34 Fletching
16:16 Bodkin Arrow
17:45 Medium Warships
19:50 Bow Saw
19:45 Fishing Lines
24:11 Horse Collar
25:54 Gillnets
29:05 Bloodlines
29:17 Padded Archer Armor
31:55 Leather Archer Armor
34:05 Wheelbarrow
Lan
9:17 Loom
11:30 Feudal Age
12:53 Double-Bit Axe
15:42 Castle Age
13:51 Horse Collar
15:48 Fletching
18:54 Bodkin Arrow
23:08 Padded Archer Armor
24:51 Bow Saw
24:56 Heavy Plow
26:34 Ballistics
30:12 Gold Mining
33:32 Imperial Age
31:44 Leather Archer Armor
31:55 Stone Mining
32:46 Husbandry
32:57 Bloodlines
33:15 Thumb Ring
34:52 Bracer
\O/
5:47 Loom
10:41 Feudal Age
14:37 Castle Age
15:54 Fishing Lines
18:42 Fletching
21:05 Bloodlines
20:56 Husbandry
22:00 Bodkin Arrow
23:01 Padded Archer Armor
25:33 Leather Archer Armor
盗无华
5:53 Loom
8:22 Feudal Age
9:03 Double-Bit Axe
14:42 Fletching
25:55 Castle Age
nagasakisoyo
6:05 Loom
11:28 Feudal Age
16:17 Wheelbarrow
16:08 Bloodlines
17:23 Town Watch
20:11 Castle Age
18:08 Horse Collar
18:33 Gold Mining
18:39 Double-Bit Axe
20:20 Scale Barding Armor
22:50 Chain Barding Armor
34:24 Forging
Connection lost

Rejoining the realm…

Still unreachable

The connection could not be restored.

Session expired

The server has moved on; the page needs a fresh start.